[Event "LEM Sachsen-Anhalt Open 2024"]
[Site "Merseburg"]
[Date "2024.02.09"]
[Round "3.1"]
[White "Golitsyn, Yuri"]
[Black "Carnot, Luca"]
[Result "1/2-1/2"]
[ECO "A47"]
[WhiteElo "1781"]
[BlackElo "2063"]
[Annotator "NA RC"]
[PlyCount "103"]
[EventDate "2024.02.01"]
[EventType "swiss"]
[EventCountry "GER"]
[SourceTitle "playchess.com"]
[Source "ChessBase"]
[SourceQuality "1"]
[TimeControl "40/5400+30:1800+30"]

1. d4 Nf6 2. Bf4 e6 3. e3 b6 4. Nd2 Bb7 5. Ngf3 Be7 6. h3 Ne4 7. Nxe4 Bxe4 8. Be2 f5 9. Nd2 Bc6 10. Bf3 O-O 11. O-O d6 12. c4 Bxf3 13. Nxf3 g5 14. Bh2 Qe8 15. c5 Qb5 16. cxd6 cxd6 17. Qb3 Qxb3 18. axb3 Rc8 $11 19. Rfc1 Nd7 20. Rc3 b5 21. Rac1 Nb6 22. Kf1 Rxc3 23. Rxc3 Rc8 24. Ke2 Kf7 25. g4 Ke8 26. Ne1 Kd7 27. Rxc8 Kxc8 28. Nd3 Kd7 29. f3 a5 30. Bg3 Kc6 31. Be1 b4 32. Bg3 Kb5 33. Be1 Bf8 34. Kd2 a4 35. bxa4+ Kxa4 36. Kc2 b3+ 37. Kd1 Kb5 38. Ke2 Kc4 39. Nb4 Na4 40. Nc6 Nxb2 41. Na5+ Kd5 42. Nxb3 f4 43. e4+ Kc4 44. Na5+ Kxd4 45. Bf2+ Kc3 46. Nc6 e5 47. h4 Kc4 48. hxg5 Kb5 49. Na7+ Ka6 50. Nc6 Kb5 51. Na7+ Ka6 52. Nc6 1/2-1/2

[Event "LEM Sachsen-Anhalt Open 2024"]
[Site "Merseburg"]
[Date "2024.02.09"]
[Round "3.2"]
[White "Binnewies, Markus"]
[Black "Dobierzin, Olaf"]
[Result "1-0"]
[ECO "E61"]
[WhiteElo "1772"]
[BlackElo "1927"]
[Annotator "NA RC"]
[PlyCount "83"]
[EventDate "2024.02.01"]
[EventType "swiss"]
[EventCountry "GER"]
[SourceTitle "playchess.com"]
[Source "ChessBase"]
[SourceQuality "1"]
[TimeControl "40/5400+30:1800+30"]

1. d4 Nf6 2. Nf3 g6 3. e3 Bg7 4. b3 c5 5. Be2 O-O 6. O-O b6 7. Bb2 Bb7 8. Nbd2 d6 9. c4 Ne4 10. Nxe4 Bxe4 11. Nd2 {[%emt 0:00:10] E61: King's Indian: Early deviations for White, including Smyslov System.} Bb7 12. Bf3 Qc8 13. Bxb7 Qxb7 14. Qf3 Qxf3 15. Nxf3 Nc6 16. Rad1 Rfd8 17. Rd2 a5 18. a4 cxd4 19. Bxd4 Nxd4 20. Nxd4 Bxd4 21. Rxd4 Rdc8 22. g4 Rc5 $11 23. f4 f5 24. h3 Kf7 25. Kf2 Rd8 26. Rfd1 Re8 27. Kf3 Rec8 28. R1d2 R8c7 29. g5 Rc8 30. e4 fxe4+ 31. Kxe4 Rf5 32. Rd5 Rc5 33. R2d3 Ke6 34. h4 Rfxd5 35. Rxd5 Rxd5 36. cxd5+ Kf7 37. f5 Kg7 38. Kf4 Kf7 39. Kg4 Kg7 40. h5 Kf7 41. fxg6+ hxg6 42. h6 1-0

[Event "LEM Sachsen-Anhalt Open 2024"]
[Site "Merseburg"]
[Date "2024.02.09"]
[Round "3.3"]
[White "Urban, Tom"]
[Black "Geldner, Gerrit"]
[Result "0-1"]
[ECO "B23"]
[WhiteElo "1696"]
[BlackElo "1889"]
[Annotator "NA RC"]
[PlyCount "40"]
[EventDate "2024.02.01"]
[EventType "swiss"]
[EventCountry "GER"]
[SourceTitle "playchess.com"]
[Source "ChessBase"]
[SourceQuality "1"]
[TimeControl "40/5400+30:1800+30"]

1. e4 c5 2. Nc3 Nc6 3. f4 d6 4. Nf3 g6 5. Bc4 Bg7 6. d3 e6 7. O-O Nge7 8. Qe1 O-O 9. Qh4 d5 10. Bb3 Nd4 11. Be3 $2 (11. Nxd4 $11 cxd4 12. Ne2) 11... Nxb3 12. axb3 d4 13. f5 gxf5 14. Bh6 dxc3 15. Bxg7 Kxg7 16. Qg3+ Ng6 17. exf5 exf5 18. h4 $19 (18. bxc3 $142 f4 19. Qg5) 18... cxb2 19. Rab1 f4 20. Qe1 Qd5 0-1

[Event "LEM Sachsen-Anhalt Open 2024"]
[Site "Merseburg"]
[Date "2024.02.09"]
[Round "3.5"]
[White "Martemyanov, Mikhail"]
[Black "Korte, Markus"]
[Result "1/2-1/2"]
[ECO "C29"]
[WhiteElo "1257"]
[BlackElo "1879"]
[Annotator "NA RC"]
[PlyCount "48"]
[EventDate "2024.02.01"]
[EventType "swiss"]
[EventCountry "GER"]
[SourceTitle "playchess.com"]
[Source "ChessBase"]
[SourceQuality "1"]
[TimeControl "40/5400+30:1800+30"]

1. e4 e5 2. Nc3 Nf6 3. f4 d5 4. fxe5 Nxe4 5. Nf3 Bc5 6. d4 Bb4 7. Bd2 Bxc3 8. Bxc3 Nxc3 9. bxc3 Bf5 (9... O-O $11) 10. Bd3 Bxd3 11. Qxd3 O-O 12. c4 Nc6 13. O-O h6 14. cxd5 $14 Nb4 15. Qb3 Nxd5 16. c4 Nf4 17. Rad1 b6 18. Qe3 Ne6 19. d5 Nc5 20. Nd4 Qh4 21. Nf5 Qg5 22. Qxg5 hxg5 23. Ne7+ Kh7 24. Rf3 g6 1/2-1/2

[Event "LEM Sachsen-Anhalt Open 2024"]
[Site "Merseburg"]
[Date "2024.02.09"]
[Round "3.7"]
[White "Patzschke, Carlo"]
[Black "Kroh, Christian"]
[Result "1/2-1/2"]
[ECO "E09"]
[WhiteElo "1636"]
[BlackElo "1680"]
[Annotator "NA RC"]
[PlyCount "57"]
[EventDate "2024.02.01"]
[EventType "swiss"]
[EventCountry "GER"]
[SourceTitle "playchess.com"]
[Source "ChessBase"]
[SourceQuality "1"]
[TimeControl "40/5400+30:1800+30"]

1. c4 e6 2. g3 d5 3. Bg2 Nf6 4. Nf3 Be7 5. O-O O-O 6. d4 c6 7. Nbd2 Nbd7 8. Qc2 Re8 9. b3 b6 10. e4 dxe4 11. Nxe4 Bb7 12. Nxf6+ Bxf6 13. Bb2 Qc7 14. Rfe1 Rad8 15. b4 c5 16. dxc5 Bxb2 17. Qxb2 bxc5 18. b5 Nb6 19. Qb3 Rd6 20. Re3 Red8 21. Ne5 Bxg2 22. Kxg2 Rd2 23. Nc6 R8d7 24. Rc1 Nc8 25. Re5 Qb6 26. Qa3 Nd6 27. Qb3 Nb7 28. Qa4 Nd8 29. Nxd8 1/2-1/2

[Event "LEM Sachsen-Anhalt Open 2024"]
[Site "Merseburg"]
[Date "2024.02.09"]
[Round "3.8"]
[White "Moser, Axel"]
[Black "Donath, Simon"]
[Result "1-0"]
[ECO "A16"]
[WhiteElo "2094"]
[BlackElo "1589"]
[Annotator "NA RC"]
[PlyCount "75"]
[EventDate "2024.02.01"]
[EventType "swiss"]
[EventCountry "GER"]
[SourceTitle "playchess.com"]
[Source "ChessBase"]
[SourceQuality "1"]
[TimeControl "40/5400+30:1800+30"]

1. d4 Nf6 2. Nf3 g6 3. c4 Bg7 4. Nc3 d6 5. g3 O-O 6. Bg2 Bd7 7. O-O c5 8. d5 a6 9. a4 Qb6 10. Ra3 e6 11. Qc2 (11. Bf4 $142) 11... Re8 12. Nd2 exd5 (12... Qc7 $14) 13. cxd5 a5 (13... Qc7 $16 14. Nc4 Bf5) 14. Nc4 Qc7 $18 15. Bf4 Bf8 16. e4 Na6 17. Re1 Nb4 18. Qd2 Nh5 19. Bg5 f6 20. Be3 Rab8 21. h3 b6 22. g4 Ng7 23. Bf4 f5 24. e5 fxg4 25. e6 Bxa4 26. Ne4 Red8 27. Ncxd6 Nh5 28. Be5 gxh3 29. Bxh3 Bxd6 30. Nxd6 Nc2 31. Nf7 Qb7 32. Nh6+ Kf8 33. Bxb8 Nxe1 34. Qxe1 Rxd5 35. Bg2 Rg5 36. Bg3 Bc6 37. e7+ Ke8 38. Nf7 1-0

[Event "LEM Sachsen-Anhalt Open 2024"]
[Site "Merseburg"]
[Date "2024.02.09"]
[Round "3.9"]
[White "Tawilah, Youssef"]
[Black "Noack, Thomas"]
[Result "1-0"]
[ECO "D02"]
[WhiteElo "1541"]
[BlackElo "1941"]
[Annotator "NA RC"]
[PlyCount "99"]
[EventDate "2024.02.01"]
[EventType "swiss"]
[EventCountry "GER"]
[SourceTitle "playchess.com"]
[Source "ChessBase"]
[SourceQuality "1"]
[TimeControl "40/5400+30:1800+30"]

1. d4 d5 2. Nf3 Nf6 3. Bf4 c5 4. e3 Nc6 5. c3 Qb6 (5... e6 {feels stronger.}) 6. Qb3 c4 7. Qxb6 axb6 8. Nbd2 e6 (8... Bf5 $142) 9. Ne5 ({White should play} 9. a3 $1 $11) 9... b5 10. Be2 b4 11. O-O bxc3 12. bxc3 Ba3 13. Rab1 Ke7 14. e4 Rd8 15. Rfe1 $11 Kf8 16. Bf3 Ne7 17. Bg3 Ra7 18. Ng4 Nxg4 19. Bxg4 Bd6 20. e5 Bc7 21. Rb2 Ba5 22. Nb1 Bd7 23. f4 g6 24. Ree2 Rda8 25. Be1 Bd8 26. Bf3 Bc6 27. g4 Nc8 28. f5 Bd7 29. fxg6 hxg6 30. h4 Kg7 31. Rh2 g5 32. h5 Kh6 33. Bd1 Be8 34. Rhe2 Nb6 35. Rf2 Nd7 36. Kf1 Nf8 37. Bd2 b5 38. Bc1 Be7 39. Bd2 Rxa2 40. Bxg5+ Bxg5 41. Rxa2 Rb8 42. Rab2 Ra8 43. Ra2 Rb8 44. Rfb2 Nh7 45. Ra5 Bd8 46. Ra6 Ng5 47. Kg2 Ne4 48. Bf3 Ng5 49. Bxd5 Bb6 50. Ra8 1-0

[Event "LEM Sachsen-Anhalt Open 2024"]
[Site "Merseburg"]
[Date "2024.02.09"]
[Round "3.10"]
[White "Treiber, Marco"]
[Black "Swoboda, Julian"]
[Result "1-0"]
[ECO "E90"]
[WhiteElo "1815"]
[BlackElo "1492"]
[Annotator "NA RC"]
[PlyCount "86"]
[EventDate "2024.02.01"]
[EventType "swiss"]
[EventCountry "GER"]
[SourceTitle "playchess.com"]
[Source "ChessBase"]
[SourceQuality "1"]
[TimeControl "40/5400+30:1800+30"]

1. c4 Nf6 2. Nc3 g6 3. Nf3 Bg7 4. e4 d6 5. d4 O-O 6. Be2 e5 7. d5 Nbd7 (7... a5 $11 {should be considered.}) 8. Qc2 a5 9. h3 Nc5 10. Be3 b6 11. Nd2 Ne8 12. g4 f5 {[%emt 0:03:43] E90: King's Indian: Classical: Early deviations and 6 h3.} 13. gxf5 gxf5 14. f3 (14. h4 $14) 14... f4 (14... Bh6 $15 15. Bxc5 (15. Bxh6 Qh4+ 16. Kd1 Qxh6 $17) (15. Rg1+ Kh8 $17) 15... bxc5) 15. Bf2 Qg5 (15... Nf6 $11) 16. h4 Qh5 17. O-O-O Rf6 18. Rdg1 Rg6 19. Qd1 Bd7 20. Kb1 Nf6 21. Rg5 Rxg5 22. hxg5 Qxg5 23. Bh4 Qg6 24. Rg1 Qf7 25. Nb5 Bxb5 26. cxb5 Kh8 27. Qf1 Rg8 $11 28. Qh3 Ncd7 29. Qh2 Nh5 30. Bf1 Ndf6 31. Bh3 Bf8 32. Rc1 Rg7 33. Bf2 Ng3 34. Be6 Qh5 35. Qxh5 Nfxh5 36. Bxb6 cxb6 37. Rc8 Rg8 38. Bxg8 Kxg8 39. Nc4 Ne2 40. Nxb6 Nd4 41. Nd7 Nxf3 42. Rxf8+ Kg7 43. b6 Nd2+ 1-0

[Event "LEM Sachsen-Anhalt Open 2024"]
[Site "Merseburg"]
[Date "2024.02.09"]
[Round "4.3"]
[White "Martemyanov, Mikhail"]
[Black "Winnig, Bernd"]
[Result "1-0"]
[ECO "C10"]
[WhiteElo "1257"]
[BlackElo "1883"]
[Annotator "NA RC"]
[PlyCount "33"]
[EventDate "2024.02.01"]
[EventType "swiss"]
[EventCountry "GER"]
[SourceTitle "playchess.com"]
[Source "ChessBase"]
[SourceQuality "1"]
[TimeControl "40/5400+30:1800+30"]

1. e4 e6 2. d4 d5 3. Nc3 dxe4 4. Nxe4 Nd7 5. Nf3 Ngf6 6. Ng3 b6 7. Bd3 Bb7 8. O-O Be7 9. b3 O-O 10. Bb2 c5 11. Re1 cxd4 12. Nxd4 e5 13. Nf3 Bxf3 14. Qxf3 Qc7 15. Nf5 Bb4 {[%emt 0:03:00] [#]} 16. c3 $18 Bxc3 17. Rac1 1-0

[Event "LEM Sachsen-Anhalt Open 2024"]
[Site "Merseburg"]
[Date "2024.02.09"]
[Round "4.4"]
[White "Korte, Markus"]
[Black "Golitsyn, Yuri"]
[Result "1/2-1/2"]
[ECO "B13"]
[WhiteElo "1879"]
[BlackElo "1781"]
[Annotator "NA"]
[PlyCount "69"]
[EventDate "2024.02.01"]
[EventType "swiss"]
[EventCountry "GER"]
[SourceTitle "playchess.com"]
[Source "ChessBase"]
[SourceQuality "1"]
[TimeControl "40/5400+30:1800+30"]

1. d4 d5 2. Bf4 Nf6 3. e3 c5 4. c3 Nc6 5. Nd2 cxd4 6. exd4 Bg4 7. Qb3 Qc8 8. Bd3 e6 9. Ngf3 Bxf3 10. Nxf3 Be7 {[%emt 0:00:31] B13: Caro-Kann: Exchange Variation and Panov-Botvinnik Attack.} 11. O-O O-O 12. Rfe1 Nh5 13. Bd2 Qc7 14. Re3 Nf4 15. Bf1 Na5 16. Qc2 Nc4 17. Bxc4 $11 dxc4 18. Re5 Nd3 19. Rh5 g6 20. Rh3 Rad8 21. Bh6 Rfe8 22. Ne1 Nxe1 23. Rxe1 Rd5 24. Qc1 Qa5 25. a3 Red8 26. Bf4 Bg5 27. Bxg5 Rxg5 28. Qf4 h5 29. Rhe3 Rf5 30. Qh4 Rd7 31. h3 Qb6 32. R3e2 Rb5 33. Qf6 Qd8 34. Qf4 Qb6 35. Qd2 1/2-1/2

[Event "LEM Sachsen-Anhalt Open 2024"]
[Site "Merseburg"]
[Date "2024.02.09"]
[Round "4.5"]
[White "Haensel, Mathias"]
[Black "Moser, Axel"]
[Result "0-1"]
[ECO "A03"]
[WhiteElo "1689"]
[BlackElo "2094"]
[Annotator "NA RC"]
[PlyCount "106"]
[EventDate "2024.02.01"]
[EventType "swiss"]
[EventCountry "GER"]
[SourceTitle "playchess.com"]
[Source "ChessBase"]
[SourceQuality "1"]
[TimeControl "40/5400+30:1800+30"]

1. f4 Nh6 2. Nf3 d5 3. e3 g6 4. Be2 Bg7 5. O-O O-O 6. a4 c5 7. Na3 Nc6 8. c3 e5 9. d4 exf4 10. dxc5 Re8 11. exf4 Qe7 12. Bb5 (12. Bd3 $142) 12... Qxc5+ 13. Kh1 Bg4 14. Nc2 $17 Nf5 15. Qd3 Re4 16. Bd2 Bxf3 17. Qxf3 Nd6 18. b4 Qb6 19. Bd3 Re7 20. Qxd5 Rd8 21. Qf3 Nc4 22. Be1 Ne3 23. a5 Qc7 24. Nxe3 Rxd3 25. Bf2 Rxc3 26. Rac1 Nxb4 27. Rxc3 Qxc3 28. Nd5 Nxd5 29. Qxd5 Qc6 30. Qd2 Bc3 31. Qa2 Qe6 32. Qa3 Qe2 33. Rc1 Bb2 34. Rc8+ Kg7 35. Qc5 Qd1+ 36. Bg1 Qe1 37. Qxa7 h5 38. Qc5 h4 39. Qf2 Re2 40. Qc5 Re7 41. Qb6 Qd2 42. Rd8 Qc3 43. h3 Re1 44. Qf2 Qf6 45. Qxe1 Qxd8 46. Bb6 Qf6 47. Qe4 Kh7 48. Bf2 Bc3 49. Qxb7 Bxa5 50. Qe4 Bc7 51. Be3 Qa1+ 52. Kh2 Qe1 53. Qe7 Bxf4+ 0-1

[Event "LEM Sachsen-Anhalt Open 2024"]
[Site "Merseburg"]
[Date "2024.02.09"]
[Round "4.7"]
[White "Hentzgen, Thomas"]
[Black "Shevchenko, Igor"]
[Result "1/2-1/2"]
[ECO "E71"]
[WhiteElo "1939"]
[BlackElo "2105"]
[Annotator "NA RC"]
[PlyCount "44"]
[EventDate "2024.02.01"]
[EventType "swiss"]
[EventCountry "GER"]
[SourceTitle "playchess.com"]
[Source "ChessBase"]
[SourceQuality "1"]
[TimeControl "40/5400+30:1800+30"]

1. c4 Nf6 2. Nc3 g6 3. e4 d6 4. d4 Bg7 5. h3 O-O 6. Bg5 c5 7. d5 e6 8. Bd3 exd5 9. exd5 Nbd7 10. Nf3 Re8+ 11. Kf1 a6 12. a4 Qa5 13. g3 h6 14. Bd2 Qc7 15. Kg2 Ne5 16. Nxe5 dxe5 $16 (16... Rxe5 $14 {should be considered.} 17. g4 Bd7) 17. a5 Bd7 18. Na4 Bxa4 19. Qxa4 Nd7 20. Qc2 f5 21. f4 e4 22. Be2 Rad8 1/2-1/2

[Event "LEM Sachsen-Anhalt Open 2024"]
[Site "Merseburg"]
[Date "2024.02.09"]
[Round "4.8"]
[White "Dobierzin, Olaf"]
[Black "Tawilah, Youssef"]
[Result "0-1"]
[ECO "C60"]
[WhiteElo "1927"]
[BlackElo "1541"]
[Annotator "NA"]
[PlyCount "82"]
[EventDate "2024.02.01"]
[EventType "swiss"]
[EventCountry "GER"]
[SourceTitle "playchess.com"]
[Source "ChessBase"]
[SourceQuality "1"]
[TimeControl "40/5400+30:1800+30"]

1. e4 e5 2. Nf3 Nc6 3. Bb5 Nge7 4. O-O Ng6 5. c3 Be7 6. d4 exd4 7. cxd4 O-O 8. Nc3 d6 9. h3 ({Better is} 9. Be2 $16) 9... a6 10. Bc4 Rb8 11. a4 Kh8 12. Re1 Nh4 13. Nxh4 Bxh4 14. Be3 f5 15. exf5 Bxf5 16. Qd2 $11 (16. Nd5 {was preferrable.}) 16... Nb4 17. Bb3 d5 18. Na2 Nxa2 19. Bxa2 c6 20. Bf4 Rc8 21. Rf1 Qd7 22. Bg5 Bxg5 23. Qxg5 Rf6 24. Bb1 Rcf8 25. Bxf5 Rxf5 26. Qg3 Rf4 27. Rad1 Qe7 28. Rd3 Qb4 29. b3 Rxd4 30. Rxd4 Qxd4 31. Re1 Qf6 32. f3 h6 33. Qc7 Rf7 34. Qc8+ Kh7 35. Re8 h5 36. Rh8+ Kg6 37. Re8 Re7 38. Rf8 Re1+ 39. Kf2 Qe5 40. Qxb7 Qe3+ 41. Kg3 h4+ 0-1

[Event "LEM Sachsen-Anhalt Open 2024"]
[Site "Merseburg"]
[Date "2024.02.09"]
[Round "4.9"]
[White "Kroh, Christian"]
[Black "Treiber, Marco"]
[Result "1/2-1/2"]
[ECO "A46"]
[WhiteElo "1680"]
[BlackElo "1815"]
[Annotator "NA"]
[PlyCount "51"]
[EventDate "2024.02.01"]
[EventType "swiss"]
[EventCountry "GER"]
[SourceTitle "playchess.com"]
[Source "ChessBase"]
[SourceQuality "1"]
[TimeControl "40/5400+30:1800+30"]

1. Nf3 c5 2. e3 Nf6 3. d4 e6 4. Be2 Be7 5. O-O O-O 6. c4 cxd4 7. Nxd4 d5 8. cxd5 Nxd5 9. a3 Bd7 10. e4 Nb6 11. Nc3 Nc6 $11 12. Bf4 Nxd4 13. Qxd4 Rc8 14. Rfd1 Bc5 15. Qd3 Qf6 16. Qg3 e5 17. Be3 Bxe3 18. Qxe3 Be6 19. Rd6 Qe7 20. Rd2 Rfd8 21. Rad1 Rxd2 22. Rxd2 Rc7 23. h3 Rd7 24. Bb5 Rxd2 25. Qxd2 a6 26. Be2 1/2-1/2

[Event "LEM Sachsen-Anhalt Open 2024"]
[Site "Merseburg"]
[Date "2024.02.09"]
[Round "4.10"]
[White "Schaefer, Toni"]
[Black "Urban, Tom"]
[Result "0-1"]
[ECO "E01"]
[WhiteElo "1381"]
[BlackElo "1696"]
[Annotator "NA"]
[PlyCount "98"]
[EventDate "2024.02.01"]
[EventType "swiss"]
[EventCountry "GER"]
[SourceTitle "playchess.com"]
[Source "ChessBase"]
[SourceQuality "1"]
[TimeControl "40/5400+30:1800+30"]

1. d4 d5 2. c4 c6 3. Nf3 Nf6 4. g3 e6 5. Bg2 Bd6 6. O-O O-O 7. Nfd2 e5 8. dxe5 Bxe5 9. Nf3 Bc7 10. cxd5 Qxd5 11. Nc3 Qxd1 12. Rxd1 Bf5 13. Nh4 Be6 14. Bg5 Nbd7 15. f4 h6 16. Bxf6 Nxf6 17. f5 Bb6+ 18. Kf1 Bc4 19. b3 Ba6 20. Bf3 Rad8 21. Na4 Bd4 22. Rac1 Bb5 23. Nc3 Bxc3 24. Rxd8 Rxd8 25. Rxc3 Rd1+ 26. Kf2 Nd5 27. Rc2 Kf8 28. Ng2 Ke7 29. Bxd5 Rxd5 30. e4 Bd3 31. exd5 Bxc2 32. dxc6 bxc6 33. g4 c5 34. Ne3 Bb1 35. Nd5+ Kd6 36. Nc3 Bd3 37. Ke3 Bf1 38. Kf4 f6 39. h4 a5 40. a3 Bd3 41. Ne4+ Kd5 42. Nd2 Kd4 43. g5 h5 44. gxf6 gxf6 45. a4 Kc3 46. Ke3 Bxf5 47. Nc4 Kb4 48. Nd6 Bg6 49. Nb7 Bf7 0-1

[Event "LEM Sachsen-Anhalt Open 2024"]
[Site "Merseburg"]
[Date "2024.02.10"]
[Round "5.1"]
[White "Binnewies, Markus"]
[Black "Carnot, Luca"]
[Result "1/2-1/2"]
[ECO "D00"]
[WhiteElo "1772"]
[BlackElo "2063"]
[Annotator "NA RC"]
[PlyCount "39"]
[EventDate "2024.02.01"]
[EventType "swiss"]
[EventCountry "GER"]
[SourceTitle "playchess.com"]
[Source "ChessBase"]
[SourceQuality "1"]
[TimeControl "40/5400+30:1800+30"]

1. f4 d5 2. Nf3 Nf6 3. d4 Bf5 4. e3 e6 5. Be2 Bd6 6. O-O O-O 7. Nbd2 c5 8. c3 Nc6 9. Ne5 Ne4 10. Ndf3 (10. Bf3 $11) 10... h6 11. Nxc6 (11. Nd2 $15 {feels stronger.}) 11... bxc6 12. Bd3 Qc7 13. Bc2 $17 (13. c4 $15) 13... cxd4 14. exd4 Bxf4 15. Bxe4 Bxe4 16. Bxf4 Qxf4 17. Ne5 Qg5 18. Rf2 a5 19. Qf1 Bf5 20. Nxc6 1/2-1/2

[Event "LEM Sachsen-Anhalt Open 2024"]
[Site "Merseburg"]
[Date "2024.02.10"]
[Round "5.2"]
[White "Geldner, Gerrit"]
[Black "Martemyanov, Mikhail"]
[Result "1-0"]
[ECO "A21"]
[WhiteElo "1889"]
[BlackElo "1257"]
[Annotator "NA RC"]
[PlyCount "71"]
[EventDate "2024.02.01"]
[EventType "swiss"]
[EventCountry "GER"]
[SourceTitle "playchess.com"]
[Source "ChessBase"]
[SourceQuality "1"]
[TimeControl "40/5400+30:1800+30"]

1. c4 e5 2. Nc3 Bb4 3. e4 Nc6 4. Nge2 a5 5. g3 d6 6. Bg2 Nge7 7. d3 O-O 8. O-O Be6 9. Nd5 $11 Bc5 10. Be3 Ba7 11. Qd2 Qd7 12. f4 f5 13. b3 Bxe3+ 14. Qxe3 Rad8 15. Rad1 Kh8 16. d4 fxe4 17. dxe5 dxe5 18. Bxe4 exf4 19. Nexf4 Bg8 20. Qc3 Qg4 21. Bf3 Qc8 22. Nh5 Rf7 23. Rde1 Qd7 24. Nhf4 Rff8 25. Nxe7 Nxe7 26. Qxa5 Nc6 27. Qh5 Bf7 28. Qh4 Qd4+ 29. Kh1 Rde8 30. Bxc6 Rxe1 31. Rxe1 Qf2 32. Qe7 Ra8 33. Bxb7 Rxa2 34. Bg2 g5 35. Qf8+ Bg8 36. Qf6# 1-0

[Event "LEM Sachsen-Anhalt Open 2024"]
[Site "Merseburg"]
[Date "2024.02.10"]
[Round "5.3"]
[White "Moser, Axel"]
[Black "Golitsyn, Yuri"]
[Result "1-0"]
[ECO "D15"]
[WhiteElo "2094"]
[BlackElo "1781"]
[Annotator "NA RC"]
[PlyCount "89"]
[EventDate "2024.02.01"]
[EventType "swiss"]
[EventCountry "GER"]
[SourceTitle "playchess.com"]
[Source "ChessBase"]
[SourceQuality "1"]
[TimeControl "40/5400+30:1800+30"]

1. d4 d5 2. c4 c6 3. Nf3 Nf6 4. Nc3 a6 5. Qc2 dxc4 6. e4 e6 7. Bxc4 Nbd7 8. O-O b5 9. Bd3 Bb7 10. Rd1 h6 (10... c5 $11 {keeps the balance.}) 11. e5 Nd5 12. Nxd5 cxd5 13. Qe2 Be7 14. a4 (14. Be3 $16) 14... bxa4 15. Rxa4 a5 16. Bd2 Bc6 {[%emt 0:05:18] [#]} 17. Ra2 $16 Qb6 18. Rda1 Bb4 19. Bf4 Rb8 20. Qe3 Bb5 21. Bc2 Rc8 22. Rc1 Nb8 23. Raa1 Nc6 24. h4 Qa6 25. h5 Be7 26. Bb3 Bd3 27. Ba4 Bb5 28. Bb3 Bd3 29. Ne1 Bh7 30. Qg3 g5 31. hxg6 Bxg6 32. Ba4 Kf8 33. Be3 Kg7 34. Bc2 Nb4 35. Bxg6 fxg6 36. Qh3 h5 37. Rc3 Rhf8 38. Rca3 Nc6 39. Ra4 Kf7 40. Nf3 Qd3 41. Bh6 Qf5 42. Qxf5+ gxf5 43. Bxf8 Kxf8 44. Rc1 Ke8 45. Rxa5 1-0

[Event "LEM Sachsen-Anhalt Open 2024"]
[Site "Merseburg"]
[Date "2024.02.10"]
[Round "5.4"]
[White "Urban, Tom"]
[Black "Korte, Markus"]
[Result "1-0"]
[ECO "C48"]
[WhiteElo "1696"]
[BlackElo "1879"]
[Annotator "NA RC"]
[PlyCount "99"]
[EventDate "2024.02.01"]
[EventType "swiss"]
[EventCountry "GER"]
[SourceTitle "playchess.com"]
[Source "ChessBase"]
[SourceQuality "1"]
[TimeControl "40/5400+30:1800+30"]

1. e4 e5 2. Nf3 Nf6 3. Nc3 Nc6 4. Bb5 Nd4 5. Ba4 Bc5 6. d3 Qe7 7. Bg5 c6 8. O-O Ne6 ({Black should try} 8... h6 $15 9. Nxd4 Bxd4 (9... hxg5 10. Nf5 $15)) 9. Bh4 $16 b5 10. Bb3 Nf4 11. d4 exd4 12. Nxd4 O-O 13. Re1 Qe5 14. Nf3 Qh5 15. Qd2 Qg4 16. Bg3 N6h5 17. Ne5 Qg5 18. Nf3 Qh6 19. Bh4 Qg6 20. Bg5 Ne6 21. Be3 Bxe3 22. Qxe3 Nef4 23. g3 d6 24. Ne2 Nh3+ 25. Kh1 Qf6 26. Neg1 Re8 27. c3 Bg4 28. Bd1 Nxg1 29. Nxg1 Bxd1 30. Raxd1 Re7 31. Qd4 g6 32. Qxd6 Re6 33. Qd4 Qe7 34. f3 Re8 35. Rf1 Qg5 36. Kg2 R6e7 37. Nh3 Qh6 38. Nf2 f5 39. Qc5 Qg5 40. Nh3 Qf6 41. Rd6 Re6 42. Rxe6 Qxe6 43. exf5 Qxa2 44. fxg6 hxg6 45. Qxc6 Re2+ 46. Rf2 Rxf2+ 47. Nxf2 Qxb2 48. Qxg6+ Ng7 49. Qc6 Kh7 50. Qe4+ 1-0

[Event "LEM Sachsen-Anhalt Open 2024"]
[Site "Merseburg"]
[Date "2024.02.10"]
[Round "5.7"]
[White "Winnig, Bernd"]
[Black "Weigelt, Joachim"]
[Result "1-0"]
[ECO "E94"]
[WhiteElo "1883"]
[BlackElo "1727"]
[Annotator "NA RC"]
[PlyCount "55"]
[EventDate "2024.02.01"]
[EventType "swiss"]
[EventCountry "GER"]
[SourceTitle "playchess.com"]
[Source "ChessBase"]
[SourceQuality "1"]
[TimeControl "40/5400+30:1800+30"]

1. d4 Nf6 2. c4 g6 3. Nc3 Bg7 4. e4 d6 5. Be2 O-O 6. Nf3 Nbd7 7. O-O e5 8. d5 Nc5 9. Qc2 Ne8 10. Bg5 f6 11. Bh4 Bg4 ({Black should try} 11... h5 $14) 12. Nd2 (12. b4 $16 Nd7 13. Nd2 Bxe2 14. Nxe2) 12... Qc8 {[%emt 0:02:31] [#]} (12... Bxe2 $11 13. Nxe2 a5) 13. f3 $1 Bd7 14. b4 Na6 $16 15. Rab1 Bh6 16. Bf2 f5 17. c5 Ng7 18. Nc4 b5 19. Na5 dxc5 20. bxc5 b4 21. c6 Bxc6 22. Nxc6 Bg5 23. Nxb4 Nxb4 24. Rxb4 f4 25. Rc1 c5 26. dxc6 Qxc6 27. Nd5 Qxc2 28. Rxc2 1-0

[Event "LEM Sachsen-Anhalt Open 2024"]
[Site "Merseburg"]
[Date "2024.02.10"]
[Round "5.8"]
[White "Treiber, Marco"]
[Black "Patzschke, Carlo"]
[Result "0-1"]
[ECO "A62"]
[WhiteElo "1815"]
[BlackElo "1636"]
[Annotator "NA RC"]
[PlyCount "62"]
[EventDate "2024.02.01"]
[EventType "swiss"]
[EventCountry "GER"]
[SourceTitle "playchess.com"]
[Source "ChessBase"]
[SourceQuality "1"]
[TimeControl "40/5400+30:1800+30"]

1. d4 Nf6 2. Nf3 c5 3. d5 e6 4. c4 exd5 5. cxd5 d6 6. Nc3 g6 7. g3 Bg7 8. Bg2 O-O 9. O-O Na6 10. Nd2 Rb8 (10... Nc7 $11 {was preferrable.}) 11. a4 Nc7 12. e4 (12. Nc4 $14 {might be stronger.}) 12... a6 $14 13. a5 Nb5 14. Nc4 Ng4 15. Nxb5 axb5 16. Nb6 f5 17. h3 Nf6 18. f3 Nh5 19. Kh2 fxe4 20. f4 Bd4 21. Bxe4 Re8 22. Bf3 Ng7 23. Ra2 Bf5 24. b4 Qf6 25. g4 Bb1 26. Rg2 Re7 27. Re2 Rxe2+ 28. Qxe2 Re8 29. Qxb5 Be3 30. Bxe3 Rxe3 31. Be2 Qb2 0-1

[Event "LEM Sachsen-Anhalt Open 2024"]
[Site "Merseburg"]
[Date "2024.02.10"]
[Round "5.9"]
[White "Kern, Rene"]
[Black "Kroh, Christian"]
[Result "1-0"]
[ECO "D02"]
[WhiteElo "1792"]
[BlackElo "1680"]
[Annotator "NA RC"]
[PlyCount "67"]
[EventDate "2024.02.01"]
[EventType "swiss"]
[EventCountry "GER"]
[SourceTitle "playchess.com"]
[Source "ChessBase"]
[SourceQuality "1"]
[TimeControl "40/5400+30:1800+30"]

1. d4 Nf6 2. Nf3 e6 3. Bf4 b6 4. e3 Bb7 5. Nbd2 d5 6. Bd3 Be7 7. h3 c5 8. c3 O-O 9. O-O Nbd7 10. a4 Ne4 11. a5 Rc8 12. axb6 Qxb6 13. Qb1 f5 14. Qa2 Ra8 15. Ba6 Bxa6 16. Qxa6 Kf7 17. Ra2 h6 18. Rfa1 Bd8 19. Nxe4 fxe4 20. Ne5+ Nxe5 21. Bxe5 Re8 22. Bd6 cxd4 23. exd4 Qxa6 24. Rxa6 Bb6 25. Kf1 Red8 26. Be5 Rd7 27. Rxb6 axb6 28. Rxa8 Rb7 29. Rb8 Rxb8 30. Bxb8 Ke7 31. h4 Kd7 32. h5 Kc6 33. Be5 Kb5 34. b3 1-0